 Dungeon Crawl Stone Soup version 0.31-a0-229-g1fc7ce93e2 (webtiles) character file.

Game seed: 6570972033653156071

85 qw the Shooter (level 4, -5/36 HPs)
             Began as a Minotaur Hexslinger on July 6, 2023.
             Killed by divine providence
             ... invoked by an orc priest
              (14 damage)
             ... on level 3 of the Dungeon.
             The game lasted 00:00:39 (1339 turns).

qw the Shooter (Minotaur Hexslinger)                Turns: 1339, Time: 00:00:39

Health: -5/36      AC:  6    Str: 13    XL:     4   Next: 25%
Magic:  0/4        EV: 12    Int: 10    God:
Gold:   157        SH:  0    Dex: 14    Spells: 4/5 levels left

rFire   . . .        Y - +1 sling
rCold   . . .        (no shield)
rNeg    . . .        c - +0 robe
rPois   .            (helmet restricted)
rElec   .            (no cloak)
rCorr   +            (no gloves)
SInv    .            (no boots)
Will    .....        b - amulet of guardian spirit
Stlth   +            d - +4 ring of protection
HPRegen 0.26/turn    e - ring of resist corrosion
MPRegen 0.09/turn

%: guardian spirit
@: no status effects
A: horns 2, retaliatory headbutt
a: no special abilities


You were on level 3 of the Dungeon.
You visited 1 branch of the dungeon, and saw 3 of its levels.

You collected 157 gold pieces.


Innate Abilities, Weirdness & Mutations

You have a pair of horns on your head.
You reflexively headbutt those who attack you in melee.


   Skills:
 - Level 2.0 Fighting
 + Level 4.8 Ranged Weapons
 - Level 2.1 Dodging
 - Level 1.0 Spellcasting
 - Level 2.0 Hexes


You had 4 spell levels left.
You knew the following spells:

 Your Spells              Type           Power      Damage    Failure   Level
a - Slow                  Hex            16%        N/A       16%         1

Your spell library contained the following spells:

 Spells                   Type           Power      Damage    Failure   Level
 Inner Flame              Hex/Fire       2%         N/A       56%         3
 Portal Projectile        Hex/Tloc       4%         N/A       56%         3
 Cause Fear               Hex            2%         N/A       83%         4

Inventory:

Hand Weapons
 Y - a +1 sling (weapon)
Armour
 c - a +0 robe (worn)
Jewellery
 b - an amulet of guardian spirit (around neck)
 d - a +4 ring of protection (left hand)
 e - a ring of resist corrosion (right hand)
Scrolls
 l - a scroll of identify
Potions
 h - a potion of curing {unknown}
 i - a potion of lignification {unknown}

Dungeon Overview and Level Annotations

Branches:
Dungeon (3/15)

Altars:

Annotations:
D:3 Robin


Message History

The orc priest hits you but does no damage.
You shoot a sling bullet. The sling bullet hits the orc priest.
The orc priest is lightly wounded.
The orc priest completely misses you.
Robin of the Strong Arm comes into view.
They are wielding a +0 club.
You shoot a sling bullet.
Robin shouts!
The sling bullet hits the frilled lizard.
You kill the frilled lizard!
The orc priest barely misses you.
1332 ||| Stepping ~*~*~tactically~*~*~ (outnumbered).
You see here a bat corpse.
You shoot a sling bullet.
The sling bullet closely misses the orc priest.
The orc priest closely misses you.
You shoot a sling bullet.
The sling bullet closely misses the orc priest.
The orc priest misses you.
You shoot a sling bullet.
The sling bullet barely misses the hobgoblin.
The orc priest hits you from afar with a +0 trident!
The hobgoblin closely misses you.
You shoot a sling bullet. The sling bullet hits the hobgoblin.
The hobgoblin is lightly wounded.
The orc priest hits you from afar with a +0 trident.
You shoot a sling bullet. The sling bullet hits the hobgoblin.
The hobgoblin is almost dead.
The orc priest closely misses you. The hobgoblin hits you.
You shoot a sling bullet.
The sling bullet barely misses the hobgoblin.
The hobgoblin barely misses you.
The orc priest mumbles some strange prayers to Beogh against you.
Beogh smites you! The orc priest barely misses you.
The hobgoblin hits you but does no damage.
You shoot a sling bullet.
The sling bullet barely misses the hobgoblin.
Robin hits you with a +0 club.
The orc priest calls down the wrath of Beogh upon you.
Beogh smites you!
You die...

...............
................
................
#...............
##.......#...............
#.......##...............
........[##.....ggo..$...
.........# #....@#..)....
.........# ##.###.)#
.........# #.###.##
.........# #.##..#
#...%...## ##...)##
....<....###..####
.........#....#
.........#...##
............##


You could see Robin, an orc priest and a hobgoblin.

Vanquished Creatures
  3 adders
  2 worms (D:2)
  4 orcs (D:3)
  3 ball pythons (D:1)
  4 bats
  4 endoplasms
  A giant cockroach (D:2)
  8 goblins
  6 hobgoblins
  5 frilled lizards
  4 kobolds
  3 rats (D:1)
47 creatures vanquished.

Notes
Turn   | Place    | Note
-------+----------+-------------------------------------------
     0 | D:1      | qw the Minotaur Hexslinger began the quest for the Orb.
     0 | D:1      | Reached XP level 1. HP: 16/16 MP: 1/1
     0 | D:1      | 0 ||| qw: Version: 0.3-a-46-gb1f654a
     0 | D:1      | 0 ||| qw: Game counter: 1355
     0 | D:1      | 0 ||| qw: Melee chars always use a shield: true
     0 | D:1      | 0 ||| qw: God list: Okawaru
     0 | D:1      | 0 ||| qw: Allow faded altars: false
     0 | D:1      | 0 ||| qw: Do Orc after clearing Dungeon:15 true
     0 | D:1      | 0 ||| qw: Do second Lair branch before Depths: true
     0 | D:1      | 0 ||| qw: Lair rune preference: random
     0 | D:1      | 0 ||| qw: Goals: Normal
     0 | D:1      | 0 ||| PLANNING D:1-11
    90 | D:1      | Reached skill level 3 in Ranged Weapons
   157 | D:1      | Reached XP level 2. HP: 23/23 MP: 2/2
   433 | D:1      | 433 ||| UPGRADING to +4 ring of protection.
   434 | D:1      | 434 ||| UPGRADING to ring of resist corrosion.
   435 | D:1      | 435 ||| DROPPING scroll of poison.
   681 | D:2      | Reached XP level 3. HP: 25/29 MP: 3/3
   736 | D:2      | Reached skill level 4 in Ranged Weapons
  1075 | D:2      | 1075 ||| UPGRADING to amulet of guardian spirit.
  1080 | D:2      | 1080 ||| DROPPING ring of wizardry.
  1081 | D:2      | 1081 ||| READING scroll labelled FEOKKORPHEG.
  1182 | D:2      | 1182 ||| READING scroll labelled MUUM JEPRAEBLI.
  1183 | D:2      | 1183 ||| READING 4 scrolls labelled NILETHO HIWK.
  1184 | D:2      | 1184 ||| READING scroll labelled COLEWAGE QUMEL.
  1228 | D:2      | 1228 ||| READING 3 scrolls of identify.
  1228 | D:2      | 1228 ||| IDENTIFYING bubbling clear potion
  1229 | D:2      | 1229 ||| READING 2 scrolls of identify.
  1229 | D:2      | 1229 ||| IDENTIFYING bubbling dark potion
  1230 | D:2      | 1230 ||| DROPPING potion of berserk rage.
  1231 | D:2      | 1231 ||| DROPPING potion of degeneration.
  1279 | D:3      | Reached XP level 4. HP: 27/36 MP: 4/4
  1330 | D:3      | Noticed Robin
  1332 | D:3      | 1332 ||| Stepping ~*~*~tactically~*~*~ (outnumbered).
  1338 | D:3      | HP: 9/36 [orc priest/divine providence (10)]
  1339 | D:3      | Killed from afar by an orc priest

Levels and vault maps discovered:
D:1:      sevenhm_arrival_forest_fort_small_3, layout_rooms
D:2:      layout_loops_cross, minmay_tetromino_o4
D:3:      layout_rooms, mainiacjoe_overflow_catwalk, nicolae_goblin_pals

Skill      XL: |  1  2  3 |
---------------+----------+-----
Ranged Weapons | 3 4 |  4.8
Fighting       | 2 |  2.0
Dodging        | |  2.1
Spellcasting   | |  1.0
Hexes          | |  2.0

Action                     |  1- 3 |  4- 6 || total
---------------------------+-------+-------++-------
   Fire: Sling             |   147 |    21 ||   168
    Use: Scroll            |     6 |       ||     6
 Armour: Robe              |    22 |     2 ||    24
  Dodge: Dodged            |    41 |    12 ||    53

Table legend:
 A = Non-vault XP
 B = Vault XP
 C = Vault XP percentage of total XP
 D = Non-vault monster count
 E = Vault monster count
 F = Vault count percentage of total count
                 A         B        C        D         E       F
            +---------+---------+-------+---------+---------+-------
      Total |     105 |      17 |  13.9 |      44 |       3 |   6.4
            +---------+---------+-------+---------+---------+-------
        D:1 |      29 |       0 |   0.0 |      19 |       0 |   0.0
        D:2 |      47 |      17 |  26.6 |      17 |       3 |  15.0
        D:3 |      29 |       0 |   0.0 |       8 |       0 |   0.0
            +---------+---------+-------+---------+---------+-------
